 Dungeon Crawl Stone Soup version 0.26-a0-6-g448add79b7 (webtiles) character file.

Game seed: 8666832792726363561, levelgen mode: deterministic

96 P0NYSLAYSTATION the Skirmisher (level 4, -11/41 HPs)
             Began as a Minotaur Monk on May 24, 2020.
             Mangled by an ogre
             ... wielding a cursed +0 giant club
              (16 damage)
             ... on level 5 of the Dungeon.
             The game lasted 00:03:05 (993 turns).

P0NYSLAYSTATION the Skirmisher (Minotaur Monk)       Turns: 993, Time: 00:03:06

Health: -11/41     AC:  6    Str: 17    XL:     4   Next: 41%
Magic:  3/3        EV: 12    Int:  7    God:
Gold:   46         SH:  0    Dex: 12    Spells: 3/3 levels left

rFire    . . .     SeeInvis .   k - +2 short sword (protect)
rCold    . . .     Gourm    .   (no shield)
rNeg     . . .     Faith    .   e - +1 ring mail
rPois    .         Spirit   .   (helmet restricted)
rElec    .         Reflect  .   (no cloak)
rCorr    .         Harm     .   (no gloves)
MR       .....                  (no boots)
Stlth    +.........             (no amulet)
HPRegen  0.13/turn              (no ring)
MPRegen  0.08/turn              (no ring)

@: no status effects
A: retaliatory headbutt, horns 2
a: no special abilities


You were on level 5 of the Dungeon.
You were not hungry.

You visited 1 branch of the dungeon, and saw 5 of its levels.

You collected 46 gold pieces.

Inventory:

Hand Weapons
 a - a +0 mace
 k - a +2 short sword of protection (weapon)
Armour
 b - a +0 robe
 e - a +1 ring mail (worn)
Jewellery
 h - an uncursed amulet of reflection {unknown}
Wands
 i - a wand of enslavement (11)
Scrolls
 j - a scroll of immolation {unknown}
 l - a scroll of remove curse {unknown}
 m - a scroll of enchant weapon {unknown}
 n - a scroll of enchant armour
Potions
 f - a potion of ambrosia {unknown}
 g - 2 potions of curing {unknown}
Comestibles
 c - 4 rations
 d - a chunk of flesh


   Skills:
 + Level 4.7 Fighting
 * Level 0.4 Short Blades
 + Level 4.4 Maces & Flails
 + Level 0.6 Armour
 + Level 3.9 Dodging
 + Level 2.2 Stealth


You had 3 spell levels left.
You didn't know any spells.
Your spell library was empty.

Dungeon Overview and Level Annotations

Branches:
Dungeon (5/15)
 Temple: D:4-7

Altars:
Nemelex Xobeh


Innate Abilities, Weirdness & Mutations

You reflexively headbutt those who attack you in melee.
You have a pair of horns on your head.


Message History

Some of the chunks of flesh in your inventory have rotted away.
Found a sparkling altar of Nemelex Xobeh.
Found a ration.
Some of the chunks of flesh in your inventory have rotted away.
Found 19 sling bullets.
The ogre is no longer charmed.
Found a stone staircase leading down.
You puncture the ogre!
Your weapon exudes an aura of protection.
You headbutt the ogre.
The ogre is heavily wounded.
The ogre hits you with a cursed +0 giant club!
You hit the ogre. Your headbutt misses the ogre.
The ogre is heavily wounded.
The ogre hits you with a cursed +0 giant club!!
* * * LOW HITPOINT WARNING * * *
You closely miss the ogre.
The ogre is heavily wounded.
The ogre hits you with a cursed +0 giant club!
You die...

.###..........#
............<.#
####..........#
..............#
..............#
..####.##.....####
.......##.#.###
###.......######
#<...@........
#.####O####### . ..
#.####...########....
.....................
##..........####.#.#
...###..##....##...#
#### #..##....#....#
#..##.#..#...#
#.....#....#.#####


You could see an ogre.

Vanquished Creatures
  An orc priest (D:3)
  An iguana (D:4)
  An adder (D:3)
  2 leopard geckos (D:1)
  4 orcs
  A ball python (D:3)
  A giant cockroach (D:1)
  3 hobgoblins
  3 jackals
  A quokka (D:3)
  2 bats (D:1)
  2 frilled lizards
  3 rats (D:1)
25 creatures vanquished.

Notes
Turn   | Place    | Note
-------+----------+-------------------------------------------
     0 | D:1      | P0NYSLAYSTATION the Minotaur Monk began the quest for the
                  | Orb.
     0 | D:1      | Reached XP level 1. HP: 19/19 MP: 0/0
   171 | D:1      | Reached XP level 2. HP: 27/27 MP: 1/1
   257 | D:4      | Reached XP level 3. HP: 30/34 MP: 2/2
   757 | D:3      | Reached XP level 4. HP: 24/41 MP: 3/3
   937 | D:5      | Entered Level 5 of the Dungeon
   945 | D:5      | Noticed an ogre
   976 | D:5      | Found a sparkling altar of Nemelex Xobeh.
   993 | D:5      | Mangled by an ogre

Illustrated notes

Levels and vault maps discovered:
D:1:      dpeg_arrival_arbitrary_c, layout_basic
D:2:      layout_loops_ring, nemelex_xobeh_ov_fountains_minmay, uniq_terence,
          uniq_natasha
D:3:      layout_loops_ring, lemuel_doored_altar, first_ration
D:4:      layout_rooms
D:5:      layout_basic, lemuel_round_altar, nicolae_dithmenos_shadow_blocks,
          nicolae_ru_awakened_eye, lemuel_crystal_altar,
          chequers_temple_overflow_statue_of_worship

Skill      XL: |  1  2  3 |
---------------+----------+-----
Fighting       | 4 |  4.7
Stealth        | 2 |  2.2
Maces & Flails | 4 |  4.4
Short Blades   | |  0.4
Armour         | |  0.6
Dodging        | |  3.9

Action                   |  1- 3 |  4- 6 || total
-------------------------+-------+-------++-------
Melee: Mace              |    44 |       ||    44
       Headbutt          |    14 |     1 ||    15
       Short sword       |    14 |     7 ||    21
Evoke: Wand              |       |     2 ||     2
  Use: Scroll            |       |     1 ||     1
 Stab: Sleeping          |     3 |       ||     3
Armor: Robe              |     3 |       ||     3
       Ring mail         |    17 |     1 ||    18
Dodge: Dodged            |    51 |     4 ||    55

Table legend:
 A = Non-vault XP
 B = Vault XP
 C = Vault XP percentage of total XP
 D = Non-vault monster count
 E = Vault monster count
 F = Vault count percentage of total count
                 A         B        C        D         E       F
            +---------+---------+-------+---------+---------+-------
      Total |     138 |       0 |   0.0 |      25 |       0 |   0.0
            +---------+---------+-------+---------+---------+-------
        D:1 |      14 |       0 |   0.0 |       8 |       0 |   0.0
        D:2 |       4 |       0 |   0.0 |       2 |       0 |   0.0
        D:3 |      72 |       0 |   0.0 |       9 |       0 |   0.0
        D:4 |      48 |       0 |   0.0 |       6 |       0 |   0.0
            +---------+---------+-------+---------+---------+-------
